 Dungeon Crawl Stone Soup version 0.30-a0-1123-gabc949cf19 (webtiles) character file.

Game seed: 6465803237809725307

68142 funkygono the Severer (level 14, -3/133 HPs)
             Began as a Minotaur Fighter on Apr 21, 2023.
             Slain by an azure jelly (4 damage)
             ... on level 14 of the Dungeon on Apr 22, 2023.
             The game lasted 00:39:26 (19476 turns).

funkygono the Severer (Minotaur Fighter)           Turns: 19476, Time: 00:39:27

Health: -3/133     AC: 29    Str: 25    XL:     14   Next: 85%
Magic:  0/22       EV:  4    Int:  5    God:
Gold:   1083       SH: 31    Dex: 11    Spells: 13/13 levels left

rFire   + . .        a - +1 war axe (freeze)
rCold   . . .        R - +18 shield of the Gong {Loud rN+ Will+ rCorr EV-5}
rNeg    + . .        L - +3 plate armour {rF+}
rPois   .            (helmet restricted)
rElec   .            I - +2 cloak
rCorr   +            s - +2 pair of gloves
SInv    +            y - +2 pair of boots {rampage}
Will    ++...        g - amulet of guardian spirit Stlth
                     i - ring of magical power
HPRegen 0.42/turn    N - ring of see invisible
MPRegen 0.18/turn

%: guardian spirit, rampage
@: no status effects
A: horns 2, retaliatory headbutt
a: no special abilities


You were on level 14 of the Dungeon.
You visited 3 branches of the dungeon, and saw 20 of its levels.
You also visited: Sewer and Gauntlet.

You collected 1248 gold pieces.
You spent 165 gold pieces at shops.

Inventory:

Hand Weapons
 a - a +1 war axe of freezing (weapon)
Missiles
 o - 3 javelins
 p - 11 boomerangs (quivered)
 F - a throwing net
 G - 7 silver javelins
Armour
 j - a +2 pair of boots of stealth
 s - a +2 pair of gloves (worn)
 w - a +2 buckler of poison resistance
 y - a +2 pair of boots of rampaging (worn)
 I - a +2 cloak (worn)
 L - a +3 plate armour of fire resistance (worn)
 R - the +18 shield of the Gong (worn) {Loud rN+ Will+ rCorr EV-5}
   (You found it on level 11 of the Dungeon)

   Loud:      It is deafeningly noisy when blocking attacks.
   EV:        It affects your evasion (-5).
   rN:        It protects you from negative energy.
   rCorr:     It protects you from acid and corrosion.
   Will:      It increases your willpower.
Jewellery
 g - an amulet of guardian spirit (around neck)
 i - a ring of magical power (left hand)
 m - a ring of protection from cold
 B - an amulet of the acrobat
 D - the amulet "Rebasche" {Acrobat +Blink}
   (You found it in a Gauntlet)

   [amulet of the acrobat]

   It increases your evasion while moving and waiting.
   +Blink:    It lets you blink.
 N - a ring of see invisible (right hand)
 O - a ring of poison resistance
Wands
 r - a wand of iceblast (24)
 u - a wand of flame (43)
 x - a wand of quicksilver (22)
 J - a wand of mindburst (16)
 K - a wand of paralysis (10)
 Y - a wand of digging (8)
Scrolls
 b - 7 scrolls of teleportation
 e - a scroll of enchant armour
 q - 6 scrolls of identify
 v - 5 scrolls of fear
 A - a scroll of magic mapping
 C - a scroll of silence
 H - 2 scrolls of blinking
 Q - 4 scrolls of poison
 S - 4 scrolls of brand weapon
 U - a scroll of fog
 W - a scroll of amnesia
Potions
 c - 4 potions of flight
 d - 5 potions of might
 f - 8 potions of ambrosia
 h - 3 potions of invisibility
 k - 4 potions of mutation
 l - a potion of berserk rage {unknown}
 n - 6 potions of haste
 t - 3 potions of resistance
 z - 9 potions of heal wounds
 E - 2 potions of curing
 M - 3 potions of cancellation


   Skills:
 + Level 14.5 Fighting
 + Level 17.9 Axes
 + Level 0.5 Throwing
 + Level 13.4 Armour
 + Level 6.1 Dodging
 + Level 3.4 Stealth
 + Level 16.5 Shields


You had 13 spell levels left.
You didn't know any spells.
Your spell library contained the following spells:

 Spells                   Type           Power      Damage    Failure   Level
 Apportation              Tloc           0%         N/A       100%        1
 Shock                    Conj/Air       0%         1d3       100%        1
 Blink                    Tloc           0%         N/A       100%        2
 Ensorcelled Hibernation  Hex/Ice        0%         N/A       100%        2
 Lesser Beckoning         Tloc           0%         N/A       100%        2
 Momentum Strike          Conj/Tloc      0%         3d8       100%        2
 Passwall                 Tmut/Erth      0%         N/A       100%        2
 Poisonous Vapours        Pois/Air       0%         N/A       100%        2
 Dazzling Flash           Conj/Hex       0%         N/A       100%        3
 Hailstorm                Conj/Ice       0%         3d3       100%        3
 Inner Flame              Hex/Fire       0%         N/A       100%        3
 Mephitic Cloud           Conj/Pois/Air  0%         N/A       100%        3
 Portal Projectile        Hex/Tloc       0%         N/A       100%        3
 Swiftness                Air            0%         N/A       100%        3
 Tukima's Dance           Hex            0%         N/A       100%        3
 Volatile Blastmotes      Fire/Tloc      0%         2d10      100%        3
 Airstrike                Air            0%         2d(0-16)  100%        4
 Flame Wave               Conj/Fire      0%         2d4       100%        4
 Ice Form                 Ice/Tmut       0%         N/A       100%        4
 Iskenderun's Mystic Bla  Conj/Tloc      0%         2d3       100%        4
 Sticky Flame             Conj/Fire      0%         2d3       100%        4
 Summon Ice Beast         Ice/Summ       0%         N/A       100%        4
 Alistair's Intoxication  Tmut/Pois      0%         N/A       100%        5
 Blade Hands              Tmut           0%         N/A       100%        5
 Freezing Cloud           Conj/Ice/Air   0%         6-21      100%        5
 Irradiate                Conj/Tmut      0%         3d11      100%        5
 Summon Mana Viper        Hex/Summ       0%         N/A       100%        5
 Simulacrum               Ice/Necr       0%         N/A       100%        6
 Starburst                Conj/Fire      0%         6d3       100%        6
 Dragon Form              Tmut           0%         N/A       100%        7
 Monstrous Menagerie      Summ           0%         N/A       100%        7
 Chain Lightning          Conj/Air       0%         N/A       100%        9
 Fire Storm               Conj/Fire      0%         5d1       100%        9
 Shatter                  Erth           0%         3d5*      100%        9


Dungeon Overview and Level Annotations

Branches:
Dungeon (14/15)            Temple (1/1) D:5            Lair (5/5) D:10
  Swamp (0/4) Lair:2        Snake (0/4) Lair:2        Slime (0/5) Lair:5
    Orc (0/2) D:12         Vaults (0/5) D:13          Sewer (visited)
Gauntlet (visited)

Altars:
Ashenzari
Cheibriados
Dithmenos
Elyvilon
Fedhas
Gozag
Hepliaklqana
Kikubaaqudgha
Makhleb
Nemelex Xobeh
Qazlal
Ru
Sif Muna
Trog
Uskayaw
Vehumet
Wu Jian
Xom
Yredelemnul
Zin
The Shining One
Ignis
Jiyva
Lugonu

Shops:
D:2 [

Portals:
Abyss: Lair:5

Annotations:
D:13 2 transporters, sleepylion's ghost, journeyman MiFi


Innate Abilities, Weirdness & Mutations

You have a pair of horns on your head.
You reflexively headbutt those who attack you in melee.


Message History

The azure jelly freezes you!!! You block the azure jelly's attack.
GONNNNG!
The azure jelly hits you but does no damage.
You block the vampire mosquito's attack.
BOUMMMMG!
The brown ugly thing basks in the mutagenic energy from its kin and changes!
The manticore bites you but does no damage.
The manticore claws you but does no damage. x2
You hear a shout!
You block the vampire mosquito's attack.
SHROANNG!
A vampire mosquito comes into view.
The azure jelly hits you. The azure jelly freezes you!!!
The azure jelly hits you but does no damage. x3
The brown ugly thing basks in the mutagenic energy from its kin and changes!
You block the vampire mosquito's attack.
PANG!
The manticore bites you but does no damage.
You block the manticore's attack.
GONNNNG!
The manticore claws you but does no damage.
The vampire mosquito attacks as you move away!
You block the vampire mosquito's attack.
PANG!
The manticore attacks as you move away! The manticore closely misses you.
You block the manticore's attack.
PTOANNNG!
You block the manticore's attack.
GONNNNG!
The azure jelly hits you but does no damage.
You block the azure jelly's attack.
GONNNNG!
The azure jelly hits you but does no damage. x2
You block the brown ugly thing's attack.
BOUMMMMG!
The azure jelly hits you. The azure jelly freezes you!!!
* * * LOW HITPOINT WARNING * * *
The azure jelly hits you but does no damage.
The azure jelly hits you.
You die...

******,,,*,,,,,*,,,,,*,**********
,,,,,,,..#*,,,##......,,,,,,>*,,,
*******#..#*∩##......#,,,,,*,*,**
,,,,,,,....###.......#****,,,*,**
**,,,,,.......$.y....# *,*,*,,,
,,,,,,,..............# ***,****
,,,,,,,.........y...,* *,,,**,,
,,,,,,,......uyJu##### *,*,****
,,,,,,,......uu.@'...# *,*,,,,,
**,,,,,.......Huy###.## *,*,****
**,,,,,......yD..# #..# *,*,****
**,,,,,....####### ##.# *,*,**,,
,,,,,,,...,,,* #.# *,#,**,*
,,,,,,,..,,,,* #.####.#,**,*
,,,****#**,,,* ##....#.#,,,,*
,,,* *,,,* #.......##*,,* ,,,*
*,,,* #.###.##......


You could see an azure jelly, a five-headed hydra, 5 ugly things, a manticore
and 5 vampire mosquitoes.

Vanquished Creatures
  Rupert (D:13)
  Nessos (D:13)
  A minotaur (Gauntlet)
  3 hydras
  A catoblepas (D:13)
  2 centaur warriors
  6 boulder beetles
  3 tengu warriors (D:13)
  6 two-headed ogres
  Urug (D:10)
  4 thrashing horrors (Lair:5)
  Nergalle (D:10)
  A skyshark (Lair:5)
  2 deep trolls (shapeshifter)
  A lindwurm (Lair:5)
  2 moths of wrath (Gauntlet)
  4 cyclopes
  A manticore (D:13)
  3 elephants
  6 ugly things
  Maurice (D:8)
  6 black mambas
  2 vault sentinels (D:11)
  8 cane toads
  2 smoke demons (Lair:5)
  Maggie (Lair:1)
  A gargoyle (D:7)
  A minotaur zombie (Gauntlet)
  An unseen horror (D:13)
  11 rime drakes
  6 komodo dragons
  An ice devil (Gauntlet)
  An ancient zyme (Lair:5)
  4 trolls
  A polar bear (Lair:4)
  A queen bee (D:9)
  2 tyrant leeches (Lair:2)
  Grinder (D:6)
  9 blink frogs (Lair:5)
  A spriggan (Lair:5)
  A wraith (D:10)
  A slime creature (shapeshifter) (Lair:5)
  Sigmund (D:5)
  3 shadows
  A culicivora (shapeshifter) (Lair:5)
  2 slime creatures
  51 yaks
  5 wyverns
  A ynoxinul (Lair:5)
  3 water elementals (D:12)
  10 basilisks
  13 humans (D:13)
  Eustachio (D:4)
  4 redbacks (Gauntlet)
  10 steam dragons (Lair:3)
  A chaos spawn (Lair:5)
  A vampire mosquito (D:14)
  2 swamp worms (Lair:2)
  4 nagas (Lair:2)
  2 acid dragons
  8 water moccasins
  A swamp drake (D:12)
  A black bear (Lair:3)
  4 orc warriors
  13 small abominations (Lair:5)
  2 ogres (D:6)
  14 wolves
  10 centaurs
  2 kobold brigands
  9 bullfrogs
  2 gnoll sergeants
  A necrophage (D:10)
  2 scorpions
  11 wights
  22 killer bees (D:9)
  5 jellies
  A vampire bat (D:3)
  3 electric eels
  2 howler monkeys
  2 lava snakes (D:10)
  3 centaur zombies (D:10)
  A human zombie (D:10)
  4 hounds
  3 gnoll boudas
  3 orc priests
  Crazy Yiuf (D:4)
  3 sleepcaps
  Ijyb (D:3)
  6 iguanas
  14 orc wizards
  6 hell rats (Lair:4)
  A statue (D:4)
  4 mummies (D:10)
  2 howler monkey zombies (D:10)
  30 gnolls
  4 adders
  A river rat (D:4)
  A shadow imp (D:8)
  5 white imps
  3 ufetubi
  3 worms
  2 dart slugs
  36 orcs
  15 ball pythons
  8 endoplasms
  4 giant cockroaches
  5 goblins
  6 hobgoblins
  13 jackals
  3 quokkas
  11 bats
  4 frilled lizards
  14 kobolds
  9 rats
572 creatures vanquished.

Vanquished Creatures (others)
  An orc knight (D:13)
  A yak (Lair:3)
  3 humans (D:13)
  A steam dragon (Lair:3)
  A centaur (D:13)
  3 bushes (Lair:2)
  21 fungi
  35 plants
66 creatures vanquished.

Grand Total: 638 creatures vanquished

Notes
Turn   | Place    | Note
-------+----------+-------------------------------------------
     0 | D:1      | funkygono the Minotaur Fighter began the quest for the Orb.
     0 | D:1      | Reached XP level 1. HP: 19/19 MP: 0/0
   381 | D:1      | Reached XP level 2. HP: 27/27 MP: 1/1
   661 | D:2      | Reached XP level 3. HP: 30/33 MP: 2/2
   820 | D:2      | Reached skill level 3 in Axes
   821 | D:2      | Found Hidd's Armour Emporium.
  1017 | D:2      | Found a shadowy altar of Dithmenos.
  1338 | D:3      | Reached XP level 4. HP: 39/40 MP: 3/3
  1658 | D:3      | Noticed Ijyb
  1659 | D:3      | Killed Ijyb
  1660 | D:3      | Reached skill level 4 in Axes
  1711 | D:3      | Reached skill level 1 in Dodging
  1809 | D:3      | Reached XP level 5. HP: 47/47 MP: 4/4
  1888 | D:2      | Bought a +1 pair of boots of rampaging for 165 gold pieces
  2180 | D:4      | Reached skill level 5 in Axes
  2189 | D:4      | Reached XP level 6. HP: 42/53 MP: 5/5
  2209 | D:4      | Noticed Eustachio
  2223 | D:4      | Killed Eustachio
  2224 | D:4      | Reached skill level 5 in Armour
  2361 | D:4      | Reached skill level 6 in Axes
  2362 | D:4      | Reached skill level 5 in Fighting
  2510 | D:4      | Reached XP level 7. HP: 60/61 MP: 6/6
  2566 | D:4      | Found a glowing drain.
  2574 | Sewer    | Entered a sewer
  2970 | D:4      | Found a runed translucent door.
  2971 | D:4      | Noticed Crazy Yiuf
  3166 | D:4      | Found a radiant altar of Vehumet.
  3177 | D:4      | Reached skill level 7 in Axes
  3433 | D:4      | Killed Crazy Yiuf
  3638 | D:5      | Entered Level 5 of the Dungeon
  3670 | D:5      | Reached skill level 5 in Shields
  3846 | D:5      | Found a broken altar of Ashenzari.
  3865 | D:5      | Reached XP level 8. HP: 68/70 MP: 5/7
  3908 | D:5      | Reached skill level 8 in Axes
  4048 | D:5      | Noticed Sigmund
  4053 | D:5      | Killed Sigmund
  4189 | D:5      | Found a staircase to the Ecumenical Temple.
  4199 | Temple   | Entered the Ecumenical Temple
  4445 | D:5      | You fall into a shaft and drop 2 floors!
  4652 | D:6      | Reached skill level 9 in Axes
  4918 | D:5      | Noticed an angel
  4919 | D:5      | Found a glowing silver altar of Zin.
  5363 | D:6      | Noticed Grinder
  5372 | D:6      | Killed Grinder
  5373 | D:6      | Reached skill level 10 in Axes
  5373 | D:6      | Reached XP level 9. HP: 73/78 MP: 6/8
  5389 | D:6      | Identified the +7 sling of Ylijem {heavy, rF+}
  5915 | D:6      | Found a burning altar of Makhleb.
  5939 | D:6      | Found a white marble altar of Elyvilon.
  6404 | D:7      | Noticed a two-headed ogre
  6415 | D:7      | Killed a two-headed ogre
  6416 | D:7      | Reached skill level 11 in Axes
  6579 | D:7      | Noticed a two-headed ogre
  6589 | D:7      | Killed a two-headed ogre
  6590 | D:7      | Reached skill level 1 in Stealth
  6590 | D:7      | Reached XP level 10. HP: 35/86 MP: 3/9
  7392 | D:8      | Noticed a gargoyle
  7402 | D:7      | Killed a gargoyle
  7403 | D:7      | Reached skill level 12 in Axes
  7505 | D:8      | Noticed Maurice
  7546 | D:8      | Killed Maurice
  7799 | D:8      | Found a basalt altar of Yredelemnul.
  7940 | D:9      | Found an ornate altar of the Wu Jian Council.
  8118 | D:9      | Reached skill level 13 in Axes
  8121 | D:9      | Reached skill level 5 in Dodging
  8499 | D:9      | Reached XP level 11. HP: 49/97 MP: 3/10
  8685 | D:9      | Noticed a white ugly thing
  8703 | D:9      | Killed a white ugly thing
  8870 | D:9      | Noticed a two-headed ogre
  8877 | D:9      | Killed a two-headed ogre
  8878 | D:9      | Reached skill level 14 in Axes
  8932 | D:9      | Identified the +2 leather armour of the Pit {rElec rF+}
  9286 | D:10     | Entered Level 10 of the Dungeon
  9287 | D:10     | Noticed a centaur warrior
  9293 | D:10     | Killed a centaur warrior
  9317 | D:10     | Noticed Urug
  9326 | D:10     | Killed Urug
  9619 | D:10     | Reached skill level 10 in Armour
  9622 | D:10     | Reached skill level 10 in Fighting
  9987 | D:10     | Noticed Nergalle
  9998 | D:10     | Killed Nergalle
 10048 | D:10     | Found a snail-covered altar of Cheibriados.
 10130 | D:10     | Found a staircase to the Lair.
 10286 | D:10     | Found an ancient bone altar of Kikubaaqudgha.
 10311 | D:10     | Reached skill level 15 in Axes
 10968 | D:11     | Reached XP level 12. HP: 107/107 MP: 11/11
 11027 | D:11     | Noticed a two-headed ogre
 11032 | D:11     | Killed a two-headed ogre
 11464 | D:11     | Found the +18 shield of the Gong {Loud rN+ Will+ rCorr
                  | EV-5}
 11474 | D:11     | Noticed a two-headed ogre
 11504 | D:11     | Killed a two-headed ogre
 11505 | D:11     | Reached skill level 10 in Shields
 11725 | Lair:1   | Entered Level 1 of the Lair of Beasts
 11725 | Lair:1   | Noticed Maggie
 11736 | Lair:1   | Killed Maggie
 11788 | Lair:1   | Reached skill level 16 in Axes
 12620 | Lair:2   | Found a staircase to the Swamp.
 12851 | Lair:2   | Found a staircase to the Snake Pit.
 13264 | Lair:3   | Found a gate leading to a gauntlet.
 13273 | Gauntlet | Entered a Gauntlet
 13273 | Gauntlet | Found a transporter.
 13273 | Gauntlet | Found a transporter.
 13275 | Gauntlet | Found a transporter.
 13279 | Gauntlet | Found a transporter.
 13279 | Gauntlet | Found a transporter.
 13280 | Gauntlet | Found a transporter.
 13310 | Gauntlet | Found a runed translucent gate.
 13310 | Gauntlet | Found a runed translucent gate.
 13310 | Gauntlet | Found a runed translucent gate.
 13312 | Gauntlet | Found a transporter.
 13316 | Gauntlet | Found a transporter.
 13321 | Gauntlet | Noticed a six-headed hydra
 13332 | Gauntlet | Found a transporter.
 13344 | Gauntlet | Found a transporter.
 13358 | Gauntlet | Found a transporter.
 13362 | Gauntlet | Found a transporter.
 13571 | Gauntlet | Reached XP level 13. HP: 118/118 MP: 12/12
 13607 | Gauntlet | Noticed a minotaur
 13621 | Gauntlet | Killed a minotaur
 13622 | Gauntlet | Identified the amulet "Rebasche" {Acrobat +Blink}
 14116 | Lair:3   | Identified the +3 plate armour of Action {rC+ Str-4 Int+3}
 14629 | Lair:3   | Upgraded the game from 0.30-a0-1116-gebefce21f7 to
                  | 0.30-a0-1123-gabc949cf19
 15408 | Lair:5   | Entered Level 5 of the Lair of Beasts
 15459 | Lair:5   | Reached skill level 17 in Axes
 15604 | Lair:5   | Found a staircase to the Slime Pits.
 15835 | Lair:5   | Found a viscous altar of Jiyva.
 16071 | Lair:5   | Reached XP level 14. HP: 112/129 MP: 13/13
 16362 | Lair:5   | Reached skill level 15 in Shields
 16387 | Lair:5   | Identified the +4 trident "Weommoap" {drain, Int+2}
 16465 | Lair:5   | Found a corrupted altar of Lugonu.
 16465 | Lair:5   | Found a one-way gate to the infinite horrors of the Abyss.
 17854 | D:12     | Found a staircase to the Orcish Mines.
 18256 | D:13     | Noticed Nessos
 18303 | D:13     | Killed Nessos
 18310 | D:13     | Noticed Rupert
 18323 | D:13     | Killed Rupert
 18861 | D:13     | Found a transporter.
 18863 | D:13     | Noticed sleepylion's ghost (journeyman MiFi)
 18870 | D:13     | Found a bloodstained altar of Trog.
 18870 | D:13     | Identified the +4 whip of Ynirukhe {freeze, Will+ Int+2}
 18931 | D:13     | Found a transporter.
 18949 | D:13     | Found a shadowy altar of Dithmenos.
 19191 | D:13     | Found a gate to the Vaults.
 19467 | D:14     | Noticed an azure jelly
 19476 | D:14     | HP: 1/133 [azure jelly (39)]
 19476 | D:14     | Slain by an azure jelly

Illustrated notes

Levels and vault maps discovered:
D:1:      minmay_arrival_radiant_lines, layout_loops_ring, minivault_23
D:2:      layout_rooms, serial_shops, shop, basic_altar, serial_curves,
          eino_curves_02, eino_curves_02
D:3:      layout_loops_ring, hangedman_decor_growths, grunt_ministairs_4,
          minmay_misc_feat_columns, roderic_batcave, minmay_cut_off, uniq_ijyb
D:4:      layout_loops_cross, vehumet_statue, portal_sewer_entry_e,
          serial_forest, infiniplex_forest_clump_tiny,
          infiniplex_forest_lined_corner, infiniplex_forest_end_3,
          infiniplex_forest_lined_3_way, infiniplex_forest_end_2,
          infiniplex_forest_straight_3, infiniplex_forest_lined_corner,
          infiniplex_forest_lined_2, infiniplex_forest_lined_3_way,
          infiniplex_forest_lined_corner, minivault_19, uniq_eustachio,
          uniq_crazy_yiuf_cottage
D:5:      layout_basic, zin_angel, evilmike_ruin_ashenzari,
          minmay_temple_entry_statues, uniq_sigmund
D:6:      layout_layer_cave, nicolae_elyvilon_temple_path,
          mainiacjoe_overflow_alcove_1, uniq_grinder
D:7:      layout_loops_cross
D:8:      layout_rooms, nicolae_overflow_hidden_temple,
          mainiacjoe_overflow_cross_hatched, uniq_maurice
D:9:      cheibrodos_helix_gallery, layout_irregular_city,
          pdpol_wu_jian_five_deadly_venoms, minivault_7
D:10:     layout_basic, slow_altar_2, lemuel_mausoleum_altar_kikubaaqudgha,
          lair_entry_dummy, grunt_decor_junction, uniq_urug, uniq_nergalle
D:11:     layout_basic, nrook_campfire, hellmonk_guarded_unrand_gong
D:12:     layout_loops_ring, erik_orc_1, kennysheep_boxes
D:13:     minmay_angry_zag, layout_irregular_city, david_vaults_3,
          gammafunk_ghost_wrathful_warriors, nicolae_dithmenos_shadow_blocks
D:14:     layout_basic, portal_ice_cave_entry_frozen_things,
          maelrawn_ghost_gauntlet_escape, minmay_misc_feat_nine_boxes,
          jiyva_altar_1
Temple:   ebering_untended_altars
Lair:1:   layout_misc_corridors, uniq_maggie
Lair:2:   layout_misc_corridors, minmay_swamp_entry_worms,
          minmay_snake_entry_guardpost_large, serial_bayou_pond_a, wad_woods_06,
          chequers_serial_rivers_small_3
Lair:3:   layout_regular_city, gauntlet_entry_generic, bobbens_dragon_lair_wall
Lair:4:   layout_regular_city, grunt_megastairs_2, infiniplex_staircase_pool_2,
          lemuel_fruit_tree
Lair:5:   hellmonk_lair_end_abyssal_woods, layout_regular_city, slime_entry_1,
          nicolae_lair_lil_pond, nicolae_quartered_pool_medium

Skill      XL: |  1  2  3  4  5  6  7  8  9 10 11 12 13 14 |
---------------+-------------------------------------------+-----
Shields        | 4 5 6 7 9 12 14 16 | 16.5
Armour         | 4 5 7 8 9 10 11 12 13 | 13.4
Fighting       | 4 5 6 7 9 10 12 13 14 | 14.5
Axes           | 3 4 5 6 7 10 11 13 15 16 17 | 17.9
Dodging        | 1 2 3 4 5 6 |  6.1
Stealth        | 1 3 |  3.4
Throwing       | |  0.5

Action                     |  1- 3 |  4- 6 |  7- 9 | 10-12 | 13-15 || total
---------------------------+-------+-------+-------+-------+-------++-------
  Melee: War axe           |    94 |    87 |   212 |   603 |   660 ||  1656
         Headbutt          |    13 |    21 |    44 |   134 |   178 ||   390
  Throw: Boomerang         |       |       |       |       |     4 ||     4
    Use: Scroll            |       |     7 |     9 |    13 |     5 ||    34
         Potion            |       |       |       |     1 |     3 ||     4
   Stab: Invisible         |       |       |       |       |    10 ||    10
         Petrified         |       |       |       |       |     2 ||     2
         Paralysed         |       |       |       |       |     1 ||     1
 Armour: Scale mail        |    54 |    38 |    97 |    78 |       ||   267
         Plate armour      |       |       |       |   140 |   442 ||   582
  Dodge: Dodged            |    52 |    53 |    92 |   151 |    45 ||   393
  Block: Buckler           |    34 |    19 |    52 |    68 |       ||   173
         Tower shield      |       |       |       |   143 |       ||   143
         Kite shield       |       |       |       |   208 |   836 ||  1044

Table legend: (Time is in decaauts)
 A = Elapsed time spent in this place.
 B = Non-inter-level travel time spent in this place.
 C = Inter-level travel time spent in this place.
 D = Time resting spent in this place.
 E = Time spent auto-exploring this place.
 F = Levels seen in this place.
 G = Mean time per level.
                   A        B        C        D        E       F      G
               +--------+--------+--------+--------+--------+-----+--------+
         Total |  19418 |  18743 |    675 |    264 |  14421 |  22 |  882.6 |
       Dungeon |  13725 |  13325 |    400 |    263 |  10184 |  14 |  980.4 |
        Temple |     60 |     60 |      0 |      0 |     39 |   1 |   60.0 |
          Lair |   4941 |   4668 |    273 |      0 |   3894 |   5 |  988.2 |
         Sewer |    285 |    285 |      0 |      0 |    205 |   1 |  285.0 |
      Gauntlet |    405 |    405 |      0 |      1 |     98 |   1 |  405.0 |
               +--------+--------+--------+--------+--------+-----+--------+

Top non-repeatable levels by time:
  Lair:5: 1541 daAuts
     D:6: 1408 daAuts
    D:10: 1408 daAuts
     D:4: 1379 daAuts
     D:9: 1340 daAuts
     D:7: 1274 daAuts
    D:13: 1189 daAuts
    D:11: 1129 daAuts
     D:5: 1084 daAuts
  Lair:2: 1024 daAuts
  Lair:3: 1020 daAuts
    D:12: 917 daAuts
  Lair:4: 817 daAuts
     D:3: 805 daAuts
     D:2: 672 daAuts
